 Dungeon Crawl Stone Soup version 0.30-b1-2-g02819fbbbe (webtiles) character file.

Game seed: 6966759779983101157

21668 raph the Reanimator (level 13, -1/93 HPs)
             Began as a Human Necromancer on May 9, 2023.
             Was an Elder of Dithmenos.
             Slain by a swamp worm (16 damage)
             ... on level 2 of the Lair of Beasts.
             The game lasted 00:31:42 (12227 turns).

raph the Reanimator (Human Necromancer)            Turns: 12227, Time: 00:31:42

Health: -1/93      AC: 12    Str:  8    XL:     13   Next: 21%
Magic:  22/22      EV: 20    Int: 20    God:    Dithmenos [****..]
Gold:   189        SH:  0    Dex: 15    Spells: 3/24 levels left

rFire   . . .        a - +3 dagger (pain)
rCold   . . .        (no shield)
rNeg    . . .        d - +1 robe {Will+}
rPois   .            I - +2 helmet
rElec   .            J - +2 cloak
rCorr   .            (no gloves)
SInv    .            i - +2 pair of boots
Will    ++...        l - amulet of magic regeneration
Stlth   ++++++       e - ring of Cuoniu {Will+ EV+5}
HPRegen 0.35/turn    m - ring of flight
MPRegen 0.58/turn

%: no passive effects
@: flying, wreathed by umbra
A: no striking features
a: Renounce Religion, Shadow Step


You were on level 2 of the Lair of Beasts.
You worshipped Dithmenos.
Dithmenos was greatly pleased with you.
You visited 2 branches of the dungeon, and saw 11 of its levels.

You collected 799 gold pieces.
You spent 610 gold pieces at shops.

Inventory:

Hand Weapons
 a - a +3 dagger of pain (weapon)
 b - a +2 dagger of holy wrath
 t - a +3 dagger
 v - a +0 sling of flaming
 E - the +1 spear of the Ornamental God {venom, +Blink Will+}
   (You took it off a kobold on level 2 of the Dungeon)

   +Blink:    It lets you blink.
   Will:      It increases your willpower.
Missiles
 j - 8 curare-tipped darts
 s - 11 poisoned darts
Armour
 d - a +1 robe of willpower (worn)
 i - a +2 pair of boots (worn)
 w - a scarf of repulsion
 I - a +2 helmet (worn)
 J - a +2 cloak (worn)
Jewellery
 c - a ring of ice
 e - the ring of Cuoniu (left hand) {Will+ EV+5}
   (You acquired it on level 2 of the Dungeon)

   [ring of evasion]

   EV:        It affects your evasion (+5).
   Will:      It increases your willpower.
 l - an amulet of magic regeneration (around neck)
 m - a ring of flight (right hand)
 D - a ring of poison resistance
 K - an amulet of reflection
Wands
 B - a wand of roots (4)
 C - a wand of flame (34)
 F - a wand of mindburst (13)
Scrolls
 g - a scroll of amnesia
 q - 8 scrolls of teleportation
 r - 3 scrolls of identify
 y - 2 scrolls of immolation
Potions
 h - 2 potions of lignification
 k - 2 potions of attraction
 o - 2 potions of haste
 p - 7 potions of curing
 u - a potion of flight
 x - 2 potions of berserk rage
 z - 2 potions of mutation
 A - 2 potions of brilliance
 G - 2 potions of cancellation


   Skills:
 + Level 6.2 Fighting
 * Level 8.6 Short Blades
 + Level 6.7 Dodging
 * Level 9.2 Stealth
 + Level 6.2 Spellcasting
 + Level 3.9 Hexes
 + Level 13.1 Necromancy
 + Level 4.3 Invocations


You had 3 spell levels left.
You knew the following spells:

 Your Spells              Type           Power      Damage    Failure   Level
a - Necrotise             Necr           100%       1d9       1%          1
b - Vampiric Draining     Necr           56%        2d10      1%          3
c - Animate Dead          Necr           56%        N/A       1%          4
d - Agony                 Necr           56%        N/A       1%          5
e - Anguish               Hex/Necr       20%        N/A       3%          4
f - Cause Fear            Hex            11%        N/A       21%         4

Your spell library contained the following spells:

 Spells                   Type           Power      Damage    Failure   Level
 Cigotuvi's Dreadful Rot  Necr/Pois/Air  46%        N/A       2%          2
 Shock                    Conj/Air       24%        1d4       11%         1
 Summon Small Mammal      Summ           24%        N/A       11%         1
 Inner Flame              Hex/Fire       14%        N/A       14%         3
 Summon Guardian Golem    Hex/Summ       14%        N/A       14%         3
 Call Canine Familiar     Summ           6%         N/A       30%         3
 Ignite Poison            Fire/Tmut/Pois 6%         N/A       30%         3
 Swiftness                Air            6%         N/A       30%         3
 Vhi's Electric Charge    Tloc/Air       12%        N/A       30%         3
 Airstrike                Air            3%         2d(1-17)  71%         4
 Flame Wave               Conj/Fire      6%         2d5       71%         4
 Sticky Flame             Conj/Fire      6%         2d3       71%         4
 Arcjolt                  Conj/Air       3%         1d13      96%         5
 Freezing Cloud           Conj/Ice/Air   3%         6-21      96%         5
 Enfeeble                 Hex            11%        N/A       100%        7
 Maxwell's Capacitive Co  Air            3%         ∞         100%        8


Dungeon Overview and Level Annotations

Branches:
Dungeon (9/15)             Temple (0/1) D:6            Lair (2/5) D:9
  Swamp (0/4) Lair:2          Orc (0/2) D:9
  Snake: Lair:2-3    Spider: Lair:2-3

Altars:
Dithmenos
Gozag
Kikubaaqudgha
Makhleb
Nemelex Xobeh
Sif Muna
Uskayaw
Wu Jian
The Shining One

Shops:
D:1 *   D:8 :   D:9 *

Annotations:
D:8 Grum
Lair:2 exclusion: tyrant leech


Message History

* * * LOW HITPOINT WARNING * * *
The swamp worm barely misses you.
Casting: Necrotise (safe; 1% risk of failure)
Confirm with . or Enter, or press ? or * to list all spells.
Aiming: Vampiric Draining (safe; 1% risk of failure)
Press: ? - help, Shift-Dir - straight line, f/p - swamp worm
Aim: a swamp worm (severely wounded, umbra)
You draw life force from the swamp worm!
You feel life coursing into your body. The swamp worm bites you!
* * * LOW HITPOINT WARNING * * *
Casting: Vampiric Draining (safe; 1% risk of failure)
Confirm with . or Enter, or press ? or * to list all spells.
You don't have enough magic to cast this spell.
Unknown command.
You are confused.
You feel invigorated. The swamp worm closely misses you.
You hit the swamp worm.
The swamp worm is almost dead.
The swamp worm completely misses you.
You hit the swamp worm but do no damage.
The swamp worm writhes in agony!
You kill the swamp worm!
Dithmenos accepts your kill.
You hit the swamp worm but do no damage.
The swamp worm writhes in agony!
Your punch misses the swamp worm.
The swamp worm is moderately wounded.
The swamp worm attacks as you move away!
The swamp worm completely misses you.
You miss the swamp worm.
The swamp worm is moderately wounded.
The swamp worm bites you!!
* * * LOW HITPOINT WARNING * * *
You hit the swamp worm but do no damage.
The swamp worm writhes in agony!
The swamp worm is heavily wounded.
The swamp worm bites you but does no damage.
You're too confused to move!
You feel less invigorated.
You feel less confused. The swamp worm bites you!
You die...

### ### ####
.#.#..###.###..#########
........................
.#.♣#.#.#.#..##P......
♣@.###..P###.[....
♣♣w##....##.......
♣.####..##.......
♣§§§w~..###..####....).
♣§~§w♣♣♣##....##.......
♣♣~♣ #..#.##....... .. ♣
♣.# ##.#####...... #.###
#.####.#####......
##...P###.##.#'.##.#......


You could see a swamp worm.

Vanquished Creatures
  2 two-headed ogres
  2 death yaks (Lair:2)
  A skyshark (Lair:2)
  3 elephants (Lair:1)
  Maurice (D:9)
  4 cane toads
  4 rime drakes
  A komodo dragon (D:9)
  A kobold demonologist (D:9)
  A polar bear (Lair:1)
  A hornet (D:8)
  A tyrant leech (Lair:2)
  3 blink frogs (Lair:2)
  Sigmund (D:5)
  A wyvern (D:9)
  7 yaks
  A swamp worm (Lair:2)
  10 water moccasins
  2 orc warriors
  An ice beast (D:5)
  A black bear (D:4)
  A sky beast (D:8)
  3 ogres
  21 wolves
  A kobold brigand (D:6)
  4 bullfrogs
  A necrophage (D:6)
  A scorpion (D:4)
  11 killer bees
  An electric eel (D:9)
  A howler monkey (D:8)
  2 hounds
  3 jellies
  2 gnoll boudas
  5 orc priests
  2 sleepcaps
  Jessica (D:2)
  2 iguanas (D:5)
  4 orc wizards
  A hound skeleton (D:6)
  9 gnolls
  8 adders
  A white imp (D:5)
  An ufetubus (D:2)
  2 worms (D:2)
  A dart slug (D:3)
  18 orcs
  7 ball pythons
  9 endoplasms
  3 giant cockroaches (D:1)
  6 goblins
  8 hobgoblins
  5 quokkas
  11 bats
  3 frilled lizards
  10 kobolds
  5 rats
223 creatures vanquished.

Vanquished Creatures (collateral kills)
  A hydra (Lair:2)
  A death yak (Lair:2)
  2 elephants (Lair:1)
  2 black mambas
  A torpor snail (Lair:2)
  2 cane toads (Lair:1)
  A rime drake (Lair:2)
  A komodo dragon (Lair:2)
  2 blink frogs (Lair:2)
  A hornet (Lair:1)
  A spriggan (Lair:1)
  A yak (D:9)
  A water moccasin (Lair:1)
  15 wolves
  2 bullfrogs (Lair:1)
  A scorpion (D:7)
  An iguana (D:4)
  A shadow imp (D:7)
  A white imp (D:7)
  A worm (D:3)
  2 orcs
  An endoplasm (D:3)
  A goblin (D:3)
  A ball python (D:2)
  2 bats
  A frilled lizard (D:1)
  3 kobolds (D:6)
  2 rats (D:2)
52 creatures vanquished.

Vanquished Creatures (others)
  Sonja (Lair:2)
  A black mamba zombie (Lair:1)
  A yak (D:9)
  A skyshark zombie (Lair:2)
  2 cane toad zombies (Lair:1)
  An elephant zombie (Lair:1)
  4 blink frog zombies (Lair:2)
  A water moccasin zombie (Lair:1)
  A yak zombie (D:9)
  A killer bee (D:9)
  8 wolf zombies (Lair:1)
  An iguana (D:6)
  5 killer bee zombies (D:8)
  4 kobold zombies (D:6)
  7 orc zombies
  11 fungi
  57 plants
107 creatures vanquished.

Grand Total: 382 creatures vanquished

Notes
Turn   | Place    | Note
-------+----------+-------------------------------------------
     0 | D:1      | raph the Human Necromancer began the quest for the Orb.
     0 | D:1      | Reached XP level 1. HP: 13/13 MP: 3/3
    65 | D:1      | Found Furrapreq's General Store.
    89 | D:1      | Reached XP level 2. HP: 19/19 MP: 0/5
   697 | D:1      | Reached XP level 3. HP: 18/24 MP: 1/6
   701 | D:1      | Learned a level 3 spell: Vampiric Draining
  1202 | D:1      | Bought a scroll of identify for 22 gold pieces
  1202 | D:1      | Bought 3 curare-tipped darts for 39 gold pieces
  1221 | D:2      | Reached skill level 5 in Necromancy
  1256 | D:2      | Identified a scroll of acquirement
  1256 | D:2      | Acquired the ring of Cuoniu {Will+ EV+5}
  1417 | D:2      | Noticed Jessica
  1429 | D:2      | Killed Jessica
  1430 | D:2      | Reached XP level 4. HP: 13/30 MP: 0/7
  1855 | D:2      | Identified the +1 spear of the Ornamental God {venom,
                  | +Blink Will+}
  1920 | D:2      | Reached skill level 6 in Necromancy
  1920 | D:2      | Reached XP level 5. HP: 24/35 MP: 8/8
  2011 | D:2      | Learned a level 4 spell: Animate Dead
  3166 | D:4      | Found an opulent altar of Gozag.
  3166 | D:4      | Found a hide-covered altar of Uskayaw.
  3166 | D:4      | Found a glowing golden altar of the Shining One.
  3191 | D:4      | Reached XP level 6. HP: 31/41 MP: 3/9
  3219 | D:4      | Reached skill level 7 in Necromancy
  3485 | D:4      | Noticed a black bear
  3498 | D:4      | Killed a black bear
  3499 | D:4      | Reached skill level 8 in Necromancy
  3499 | D:4      | Reached XP level 7. HP: 46/46 MP: 8/10
  3885 | D:5      | Entered Level 5 of the Dungeon
  4184 | D:5      | Reached skill level 9 in Necromancy
  4384 | D:5      | Reached XP level 8. HP: 31/52 MP: 7/11
  4516 | D:5      | Noticed Sigmund
  4528 | D:5      | Killed Sigmund
  4529 | D:5      | Reached skill level 10 in Necromancy
  4761 | D:5      | Found a shadowy altar of Dithmenos.
  4904 | D:5      | Became a worshipper of Dithmenos the Shadowed
  5118 | D:6      | Found a shimmering blue altar of Sif Muna.
  5128 | D:6      | Found an ornate altar of the Wu Jian Council.
  5302 | D:6      | Reached skill level 11 in Necromancy
  5309 | D:6      | HP: 2/52 [poisoned by a water moccasin]
  5568 | D:6      | Found an ancient bone altar of Kikubaaqudgha.
  5608 | D:6      | Reached XP level 9. HP: 57/57 MP: 1/12
  5935 | D:6      | Found a staircase to the Ecumenical Temple.
  6037 | D:6      | Found a burning altar of Makhleb.
  6259 | D:7      | Reached skill level 1 in Fighting
  7150 | D:7      | Reached * piety under Dithmenos
  7151 | D:7      | Reached skill level 1 in Short Blades
  7280 | D:8      | Noticed Grum
  7368 | D:8      | Noticed a two-headed ogre
  7379 | D:8      | Killed a two-headed ogre
  7380 | D:8      | Reached XP level 10. HP: 36/69 MP: 13/15
  7488 | D:8      | Reached skill level 12 in Necromancy
  7610 | D:8      | Learned a level 5 spell: Agony
  8024 | D:8      | Found Etu Atea's Book Shoppe.
  8029 | D:8      | Bought a book of Hexes for 540 gold pieces
  8034 | D:8      | Learned a level 4 spell: Anguish
  8158 | D:9      | Noticed Maurice
  8164 | D:9      | Killed Maurice
  8248 | D:9      | Noticed a komodo dragon
  8255 | D:9      | Killed a komodo dragon
  8256 | D:9      | Reached skill level 5 in Stealth
  8322 | D:9      | Reached skill level 5 in Short Blades
  8343 | D:9      | Noticed a two-headed ogre
  8351 | D:9      | Killed a two-headed ogre
  8352 | D:9      | Reached XP level 11. HP: 77/77 MP: 13/17
  8371 | D:9      | Found Utoof's CLEARANCE SALE!.
  8379 | D:9      | Bought a scroll of teleportation for 9 gold pieces
  8532 | D:9      | Found a staircase to the Lair.
  8655 | D:9      | Reached skill level 5 in Dodging
  8776 | D:9      | Reached ** piety under Dithmenos
  8792 | D:9      | Found a sparkling altar of Nemelex Xobeh.
  8885 | D:9      | Found a staircase to the Orcish Mines.
  9422 | Lair:1   | Entered Level 1 of the Lair of Beasts
  9463 | Lair:1   | Found a shadowy altar of Dithmenos.
  9526 | Lair:1   | Reached skill level 5 in Spellcasting
  9526 | Lair:1   | Reached skill level 1 in Hexes
  9531 | Lair:1   | Noticed a spriggan rider
  9542 | Lair:1   | Reached skill level 1 in Invocations
  9826 | Lair:1   | Reached skill level 5 in Fighting
  9868 | Lair:1   | Reached XP level 12. HP: 78/86 MP: 14/19
  9908 | Lair:1   | Reached *** piety under Dithmenos
 10441 | Lair:2   | Noticed a six-headed hydra
 10792 | Lair:2   | Learned a level 4 spell: Cause Fear
 10853 | Lair:2   | Noticed a skyshark
 10876 | Lair:2   | Killed a skyshark
 11263 | Lair:2   | Killed a six-headed hydra
 11340 | Lair:2   | Noticed a death yak
 11340 | Lair:2   | Noticed a death yak
 11342 | Lair:2   | Noticed a death yak
 11358 | Lair:2   | Noticed a death yak
 11359 | Lair:2   | Noticed a death yak
 11368 | Lair:2   | Killed a death yak
 11369 | Lair:2   | Reached skill level 13 in Necromancy
 11390 | Lair:2   | Killed a death yak
 11391 | Lair:2   | Reached XP level 13. HP: 36/93 MP: 1/22
 11648 | Lair:2   | Noticed Sonja
 11654 | Lair:2   | Killed Sonja
 11902 | Lair:2   | Reached **** piety under Dithmenos
 12195 | Lair:2   | Found a staircase to the Swamp.
 12227 | Lair:2   | Slain by a swamp worm

Illustrated notes

Levels and vault maps discovered:
D:1:      heliophobic_arrival_ceremonial_halls, layout_basic, serial_shops,
          shop, minmay_pentomino_x2
D:2:      minmay_general_purpose_star, layout_rooms, uniq_jessica
D:3:      layout_loops_ring
D:4:      layout_cave_pools, chequers_temple_overflow_statue_of_worship
D:5:      layout_loops_ring, nicolae_dithmenos_through_a_glass_darkly,
          uniq_sigmund
D:6:      layout_basic, makhleb_blood_cavern_becter,
          mainiacjoe_overflow_catch_the_wave, lemuel_round_altar,
          lemuel_temple_firewalk_b, skrybe_limestone_x
D:7:      layout_cave_pods, nrook_loot_triangle
D:8:      layout_gridville, serial_shops, shop, uniq_grum
D:9:      wad_lake_hut, layout_basic, mainiacjoe_overflow_24_doors,
          david_lair_shrubbed, orc_0_dummy, nicolae_shop_clearance, uniq_maurice
Lair:1:   layout_hall_layers, basic_altar, grunt_forest_large_clearings,
          grunt_megastairs_2
Lair:2:   layout_regular_city, minmay_swamp_entry_worms, grunt_megastairs_1,
          infiniplex_staircase_pool, uniq_sonja, uniq_nergalle

Skill      XL: |  1  2  3  4  5  6  7  8  9 10 11 12 13 |
---------------+----------------------------------------+-----
Necromancy     | 5 6 8 9 11 12 13 | 13.1
Fighting       | 2 4 5 6 |  6.2
Stealth        | 3 5 7 8 9 |  9.2
Short Blades   | 3 5 6 8 |  8.6
Dodging        | 3 4 5 6 |  6.7
Spellcasting   | 3 4 5 6 |  6.2
Hexes          | 2 3 |  3.9
Invocations    | 1 3 4 |  4.3

Action                     |  1- 3 |  4- 6 |  7- 9 | 10-12 | 13-15 || total
---------------------------+-------+-------+-------+-------+-------++-------
  Melee: Dagger            |    40 |     3 |    50 |   200 |    35 ||   328
         Punch             |     1 |     1 |     4 |       |       ||     6
         Spear             |       |    63 |   160 |       |       ||   223
  Throw: Dart              |     1 |       |     5 |       |       ||     6
   Cast: Necrotise         |    46 |    50 |    74 |    64 |     4 ||   238
         Animate Dead      |       |     2 |     2 |     6 |       ||    10
         Vampiric Draining |       |     3 |    41 |    77 |    15 ||   136
         Agony             |       |       |       |    24 |     3 ||    27
         Anguish           |       |       |       |     2 |     2 ||     4
  Evoke: Wand              |       |     1 |     1 |     3 |       ||     5
    Use: Scroll            |     6 |     7 |     8 |     5 |     1 ||    27
         Potion            |       |       |       |     4 |     1 ||     5
   Stab: Sleeping          |     2 |     1 |     6 |     9 |       ||    18
         Distracted        |       |       |     1 |     1 |       ||     2
 Armour: Robe              |    13 |    12 |    41 |    73 |     5 ||   144
  Dodge: Dodged            |    32 |    64 |   223 |   444 |    34 ||   797
         Repelled          |       |       |     2 |       |       ||     2
